 Dungeon Crawl Stone Soup version 0.18.1-50-g88ac8fd (webtiles) character file.

4 Aramant the Grave Robber (level 1, -18/13 HPs)
             Began as a Vampire Necromancer on Sept 26, 2016.
             Killed from afar by a giant newt (27 damage)
             ... with an exploding inner flame
             ... hexed by the player character
             ... on level 1 of the Dungeon.
             The game lasted 00:03:39 (164 turns).

Aramant the Grave Robber (Vampire Necromancer)       Turns: 164, Time: 00:03:39

Health: -18/13     AC:  2    Str:  7    XL:     1   Next: 50%
Magic:  0/3        EV: 13    Int: 17    God:
Gold:   23         SH:  0    Dex: 16    Spells: 2 memorised, 2 levels left

rFire  . . .     SeeInvis +     (no weapon)
rCold  . . .     Gourm    .     a - +0 robe
rNeg   . . .     Faith    .     (no shield)
rPois  .         Spirit   .     (no helmet)
rElec  .         Dismiss  .     (no cloak)
rCorr  .         Reflect  .     (no gloves)
SustAt .         Harm     .     (no boots)
MR     .....     Rnd*Rage +     (no amulet)
Stlth  +++.......               (no ring)
                                (no ring)

@: regenerating quickly, not resistant to hostile enchantments, fairly stealthy
A: fangs 3, see invisible, agile 1, berserk 1, unbreathing
a: no special abilities


You were on level 1 of the Dungeon.
You were full.

You visited 1 branch of the dungeon, and saw 1 of its levels.

You collected 23 gold pieces.

Inventory:

Armour
 a - a +0 robe (worn)
Potions
 c - a potion of blood
 d - a potion of lignification
Books
 b - a book of Necromancy

   Spells                             Type                      Level
   a - Pain                           Necromancy                   1
   b - Animate Skeleton               Necromancy                   1
   c - Vampiric Draining              Necromancy                   3
   d - Regeneration                   Charms/Necromancy            3
   e - Animate Dead                   Necromancy                   4
   f - Control Undead                 Necromancy                   4


   Skills:
 + Level 2.2 Dodging
 + Level 3.0 Stealth
 + Level 2.0 Spellcasting
 + Level 4.5 Necromancy


You had 2 spell levels left.
You knew the following spells:

 Your Spells              Type           Power        Failure   Level  Hunger
a - Pain                  Necr           ###.         2%          1    #......
b - Animate Skeleton      Necr           N/A          2%          1    #......


Dungeon Overview and Level Annotations

Branches:
Dungeon (1/15)

Altars:


Innate Abilities, Weirdness & Mutations

Your natural rate of healing is unusually fast.
You have razor-sharp teeth.
You have supernaturally acute eyesight.
You can survive without breathing.
You are agile. (Dex +2)
You tend to lose your temper in combat.


Message History

The jackal misses you. The giant newt misses you.
Read which item? (? for menu, Esc to quit)
As you read the scroll labeled YSMOIF MEONU, it crumbles to dust.
It is a scroll of identify.
Identify which item? (\ to view known items) (? for menu, Esc to quit)
d - a potion of lignification The jackal closely misses you.
The giant newt misses you.
Read which item? (? for menu, Esc to quit)
Okay, then.
Drink which item? (? for menu, Esc to quit)
It was a potion of mutation.
You feel extremely strange.
You feel a little pissed off.
You feel agile. The jackal barely misses you. The jackal closely misses you.
The giant newt bites you but does no damage.
The giant newt barely misses you.
You closely miss the giant newt. You bite the giant newt.
The giant newt explodes!
The fiery explosion engulfs you!
Ouch! That really hurt!
You die...

...#.....# #..........# .##
.[.##.#### #....).....# ...
#####..## #..........# ...
######..####(.........# ...
............#......Z..########...
.###........#..#####..##.....%...
## ##.......#..§§§.#..##.........
# #.......##)#§###..##....l....
## #.....[.##.#@h.#Z.##.........
.###.........#.###g#.###.........
................g..#.l...........
.......###..###########.%........
......## ##.# #.......... ..<...#
#.# #.Z........ ......# #.#
#.......... .......# ..#
#####....... %...........
#...........


You could see a jackal (inner flame) and a hobgoblin.

Vanquished Creatures
  A hobgoblin (D:1)
  A jackal (D:1)
  A kobold (D:1)
  A rat (D:1)
4 creatures vanquished.

Notes
Turn   | Place    | Note
--------------------------------------------------------------
     0 | D:1      | Aramant the Vampire Necromancer began the quest for the Orb.
     0 | D:1      | Reached XP level 1. HP: 13/13 MP: 3/3
    16 | D:1      | Learned a level 1 spell: Animate Skeleton
   162 | D:1      | Gained mutation: You tend to lose your temper in combat. [potion of mutation]
   162 | D:1      | Gained mutation: You are agile. (Dex +2) [potion of mutation]
   164 | D:1      | Killed from afar by a giant newt

Action                   || total
-------------------------++-------
Melee: Unarmed           ||     2
       Bite              ||     1
 Cast: Pain              ||     8
       Animate Skeleton  ||     1
  Use: Scroll            ||     3
       Potion            ||     1
  Eat: Corpse            ||     2
Armor: Robe              ||     4
Dodge: Dodged            ||    18
